Map: Berlingrad LE

Players

A.I. 2 (Very Easy) - Winner!

  • Race: Terran Terran

llllllllllll

  • Race: Protoss Protoss
  • League: Master

VOD

Have the link to the VOD?

Description

Time

  • Played on: April 1, 2022, 7:43 p.m.
  • Length: 6:49
Show
View Real Time Build Order
Export as new Build Order

A.I. 2 (Very Easy) Terran - Winner!

Build Orders: Reaper Expand 

Get SALT Encoding   

  12  0:00  SCV  
  13  0:13  SCV  
  14  0:18  Supply Depot  
  14  0:44  Barracks  
  14  1:02  Command Center  
  14  1:31  Orbital Command, Supply Depot, Marine  
  15  1:35  Refinery  
  15  1:47  Refinery  
  15  1:56  SCV  
  16  2:08  SCV  
  16  2:14  SCV  
  16  2:15  Reaper  
  19  2:21  SCV  
  20  2:28  SCV  
  21  2:36  SCV  
  22  2:43  SCV  
  23  2:50  SCV  
  24  2:57  SCV  
  25  3:00  Marine  
  25  3:03  Refinery  
  25  3:04  SCV  
  27  3:12  SCV  
  28  3:19  SCV  
  29  3:20  Factory  
  29  3:42  Refinery  
  29  3:44  SCV  
  29  3:45  Marine  
  31  3:51  SCV  
  32  3:57  Supply Depot  
  32  3:58  SCV  
  33  4:04  Barracks Tech Lab  
  33  4:05  SCV  
  33  4:07  Starport  
  34  4:12  SCV  
  35  4:20  SCV  
  36  4:27  SCV  
  36  4:30  Supply Depot  
  36  4:31  Marauder  
  39  4:34  SCV  
  40  4:41  SCV  
  40  4:44  Starport Tech Lab  
  41  4:48  SCV  
  42  4:55  SCV  
  43  5:03  SCV  
  43  5:04  Raven  
  46  5:10  SCV  
  47  5:16  Marauder  
  47  5:17  SCV  
  50  5:47  Raven  
  52  6:00  Marine  
Show
View Real Time Build Order
Export as new Build Order

llllllllllll Protoss 

Build Orders: 1 Gate Expand, Blink Stalkers 

Get SALT Encoding   

  12  0:00  Probe  
  13  0:12  Probe  
  14  0:17  Pylon  
  14  0:24  Probe  
  15  0:36  Gateway, Probe (Chrono Boost)  
  16  0:43  Assimilator  
  16  0:48  Probe (Chrono Boost)  
  17  0:55  Probe (Chrono Boost)  
  18  1:03  Probe  
  19  1:15  Probe  
  20  1:23  Cybernetics Core  
  20  1:33  Nexus  
  20  1:37  Assimilator  
  20  1:45  Pylon  
  20  1:47  Probe  
  21  2:00  Stalker (Chrono Boost), Probe  
  22  2:03  Warp Gate  
  24  2:12  Probe  
  25  2:21  Robotics Facility  
  25  2:24  Probe  
  26  2:34  Stalker  
  26  2:36  Probe  
  29  2:45  Probe  
  29  2:48  Probe  
  29  2:50  Twilight Council  
  31  2:57  Probe  
  32  3:00  Probe  
  32  3:02  Gateway  
  33  3:10  Probe  
  33  3:12  Probe, Observer (Chrono Boost)  
  36  3:15  Gateway  
  36  3:22  Probe  
  36  3:24  Probe  
  36  3:25  Blink (Chrono Boost)  
  38  3:34  Probe  
  39  3:36  Probe  
  40  3:42  Pylon  
  40  3:46  Probe  
  41  3:48  Probe  
  41  3:55  Nexus  
  42  3:58  Probe  
  42  4:00  Probe, Observer  
  45  4:14  Stalker x3  
  45  4:16  Probe x2  
  53  4:19  Assimilator  
  53  4:23  Assimilator  
  53  4:28  Probe  
  53  4:31  Pylon  
  54  4:37  Pylon  
  54  4:49  Probe  
  55  4:53  Probe  
  55  4:58  Observer  
  57  5:01  Probe  
  57  5:05  Probe  
  59  5:07  Charge  
  59  5:11  Forge x2  
  59  5:13  Probe  
  60  5:14  Gateway  
  60  5:15  Probe  
  60  5:16  Gateway  
  60  5:17  Probe  
  60  5:18  Gateway  
  62  5:22  Gateway  
  62  5:24  Gateway  
  62  5:25  Probe  
  62  5:27  Probe  
  64  5:29  Probe  
  64  5:31  Observer  
  66  5:35  Sentry x2  
  66  5:36  Sentry  
  66  5:37  Probe  
  66  5:39  Probe  
  66  5:40  Shield Battery  
  66  5:42  Probe  
  75  5:49  Probe  
  76  5:51  Probe  
  76  5:54  Probe  
  76  5:56  Pylon  
  77  6:01  Zealot x3, Probe  
  84  6:14  Zealot x3  
  84  6:16  Templar Archives  
  90  6:21  Pylon  
  90  6:22  Pylon  
  90  6:23  Pylon  
  90  6:28  Zealot  
  92  6:41  Zealot x7  
  106  6:47  Pylon  
  106  6:48  Pylon  
Tags
 
Add a new tag
Caveats
  • Supply blocks, unpowered buildings, or Contaminate may cause inaccurate times.
  • Supply counts are checked every 10 seconds.